 Dungeon Crawl Stone Soup version 0.31.0-11-ge490571c62 (webtiles) character file.

Game seed: 2278306849664053299

14 qw the Shooter (level 2, -1/14 HPs)
             Began as a Spriggan Hunter on Feb 4, 2024.
             Slain by a kobold
             ... wielding a +0 dagger
              (2 damage)
             ... on level 1 of the Dungeon.
             The game lasted 00:00:00 (273 turns).

qw the Shooter (Spriggan Hunter)                     Turns: 273, Time: 00:00:01

Health: -1/14      AC:  2    Str:  7    XL:     2   Next: 27%
Magic:  3/3        EV: 19    Int: 10    God:
Gold:   8          SH:  0    Dex: 18    Spells: 1/1 levels left

rFire   . . .        a - +0 shortbow
rCold   . . .        (shield currently unavailable)
rNeg    . . .        c - +0 robe
rPois   .            (helmet restricted)
rElec   .            (no cloak)
rCorr   .            (gloves unavailable)
SInv    +            (boots unavailable)
Will    .....        (no amulet)
Stlth   ++           (no ring)
HPRegen 0.22/turn    (no ring)
MPRegen 0.08/turn

%: no passive effects
@: very quick
A: very small, no large weapons, unfitting armour, see invisible, speed 3
a: no special abilities


You were on level 1 of the Dungeon.
You visited 1 branch of the dungeon, and saw 1 of its levels.

You collected 8 gold pieces.


Innate Abilities, Weirdness & Mutations

You are very small and have problems with some larger weapons.
You are too small for most types of armour.
You have supernaturally acute eyesight. (SInv)
You cover ground extremely quickly. (Speed+++)


   Skills:
 - Level 1.5 Fighting
 + Level 4.0 Ranged Weapons
 - Level 4.0 Dodging
 - Level 1.5 Stealth


You had one spell level left.
You didn't know any spells.
Your spell library was empty.

Inventory:

Hand Weapons
 a - a +0 shortbow (weapon)
Armour
 c - a +0 robe (worn)
Scrolls
 b - a scroll of butterflies
 d - 2 scrolls of amnesia {unknown}

Dungeon Overview and Level Annotations

Branches:
Dungeon (1/15)

Altars:


Message History

You shoot an arrow. The arrow barely misses the quokka.
The quokka twitches its whiskers.
The quokka misses you. The kobold barely misses you. The quokka misses you.
You shoot an arrow. The arrow barely misses the quokka.
The quokka closely misses you. The kobold closely misses you.
The hobgoblin closely misses you.
You shoot an arrow. The arrow barely misses the quokka.
The quokka twitches its whiskers.
The quokka misses you. The kobold barely misses you. The hobgoblin misses you.
You shoot an arrow. The arrow hits the quokka!
You kill the quokka!
The kobold hits you with a +0 dagger. The hobgoblin closely misses you.
You shoot an arrow.
The arrow hits the kobold but does no damage.
The kobold closely misses you. The hobgoblin barely misses you.
The kobold closely misses you.
You shoot an arrow. The arrow hits the kobold.
The kobold is severely wounded.
The kobold misses you. The hobgoblin hits you.
The kobold hits you but does no damage.
You shoot an arrow. The arrow barely misses the kobold.
The kobold barely misses you. The kobold hits you but does no damage.
The hobgoblin misses you. The kobold hits you with a +0 whip.
The hobgoblin barely misses you. The kobold barely misses you.
You shoot an arrow. The arrow closely misses the kobold.
The kobold misses you. The hobgoblin barely misses you.
The kobold completely misses you.
You shoot an arrow. The arrow hits the kobold.
You kill the kobold!
The kobold hits you with a +0 dagger. The hobgoblin closely misses you.
Your Dodging skill increases to level 4!
You shoot an arrow. The arrow hits the hobgoblin!
You kill the hobgoblin!
The kobold hits you with a +0 dagger.
You shoot an arrow. The arrow hits the kobold.
The kobold is moderately wounded.
The kobold misses you.
You shoot an arrow. The arrow completely misses the kobold.
The kobold hits you with a +0 dagger.
You die...

##..#..## ##..###..##
#..# ##..# ##..###..##
##..#..## . . ##....##
... .
###....##########..# .
+.............K)%...#
####....######@$####.#
##.#.# ##.# ###.# .#
..# .# ### .# .. ##


You could see a kobold.

Vanquished Creatures
  A dart slug (D:1)
  A goblin (D:1)
  2 hobgoblins (D:1)
  2 kobolds (D:1)
  A quokka (D:1)
  2 ball pythons (D:1)
  2 rats (D:1)
11 creatures vanquished.

Notes
Turn   | Place    | Note
-------+----------+-------------------------------------------
     0 | D:1      | qw the Spriggan Hunter began the quest for the Orb.
     0 | D:1      | Reached XP level 1. HP: 10/10 MP: 2/2
     0 | D:1      | 0 ||| qw: Version: 0.3-a-160-g6735b56
     0 | D:1      | 0 ||| qw: Game counter: 5518
     0 | D:1      | 0 ||| qw: Melee chars always use a shield: true
     0 | D:1      | 0 ||| qw: God list: Okawaru
     0 | D:1      | 0 ||| qw: Allow faded altars: false
     0 | D:1      | 0 ||| qw: Do Orc after clearing Dungeon:15 true
     0 | D:1      | 0 ||| qw: Do second Lair branch before Depths: true
     0 | D:1      | 0 ||| qw: Lair rune preference: random
     0 | D:1      | 0 ||| qw: Goals: Normal
     0 | D:1      | 0 ||| PLANNING D:1-11
    59 | D:1      | Reached skill level 3 in Dodging
   247 | D:1      | Reached XP level 2. HP: 14/14 MP: 3/3
   271 | D:1      | HP: 1/14 [kobold/+0 dagger (4)]
   273 | D:1      | Slain by a kobold

Levels and vault maps discovered:
D:1:      giann_horns, layout_loops_corners, minmay_vboxes

Skill      XL: |  1  2 |
---------------+-------+-----
Dodging        | 3 4 |  4.0
Fighting       | |  1.5
Ranged Weapons | |  4.0
Stealth        | |  1.5

Action                     || total
---------------------------++-------
   Fire: Shortbow          ||    37
 Armour: Robe              ||    11
  Dodge: Dodged            ||    37

Table legend:
 A = Non-vault XP
 B = Vault XP
 C = Vault XP percentage of total XP
 D = Non-vault monster count
 E = Vault monster count
 F = Vault count percentage of total count
                 A         B        C        D         E       F
            +---------+---------+-------+---------+---------+-------
      Total |      12 |       8 |  40.0 |       7 |       4 |  36.4
            +---------+---------+-------+---------+---------+-------
        D:1 |      12 |       8 |  40.0 |       7 |       4 |  36.4
            +---------+---------+-------+---------+---------+-------
